 Dungeon Crawl Stone Soup version 0.24-a0-462-ge24419a6ad (console) character file.

Game seed: 5368159223610640188

490 Lexodia the Sneak (level 6, -6/36 HPs)
             Began as a Vampire Enchanter on July 2, 2019.
             Mangled by Duvessa
             ... wielding a +0 short sword
              (11 damage)
             ... on level 4 of the Dungeon.
             The game lasted 00:08:12 (3302 turns).

Lexodia the Sneak (Vampire Enchanter)               Turns: 3302, Time: 00:08:13

Health: -6/36      AC:  4    Str:  7    XL:     6   Next: 90%
Magic:  3/9        EV: 13    Int: 18    God:
Gold:   152        SH:  0    Dex: 16    Spells: 3/9 levels left

rFire    x . .     SeeInvis +   a - +1 dagger
rCold    + + +     Gourm    .   (no shield)
rNeg     + + +     Faith    .   b - +0 robe
rPois    ∞         Spirit   .   (no helmet)
rElec    .         Reflect  .   o - +0 cloak
rCorr    .         Harm     .   (no gloves)
MR       .....                  i - +0 pair of boots
Stlth    +++++++...             (no amulet)
HPRegen  0.00/turn              c - ring of ice
MPRegen  0.11/turn              p - ring of stealth

@: bloodless, regenerating quickly
A: no food, fangs 3, see invisible, unbreathing
a: Bat Form, Revivify


You were on level 4 of the Dungeon.
You were bloodless.

You visited 1 branch of the dungeon, and saw 4 of its levels.

You collected 152 gold pieces.

Inventory:

Hand Weapons
 a - a +1 dagger (weapon)
Armour
 b - a +0 robe (worn)
 i - a +0 pair of boots (worn)
 o - a +0 cloak (worn)
Jewellery
 c - a ring of ice (left hand)
 p - a ring of stealth (right hand)
 s - a +3 ring of dexterity
 x - an uncursed ring of ice
Wands
 q - a wand of polymorph (9)
Scrolls
 d - 2 scrolls of teleportation {unknown}
 e - a scroll of enchant weapon {unknown}
 g - a scroll of remove curse {unknown}
 h - 3 scrolls of magic mapping {unknown}
 j - a scroll of fog {unknown}
 k - 2 scrolls of blinking {unknown}
 n - 2 scrolls of identify {unknown}
Potions
 f - 3 potions of mutation {unknown}
 l - a potion of brilliance {unknown}
 m - a potion of flight {unknown}
 r - a potion of heal wounds {unknown}
 t - a potion of might {unknown}
 u - 2 potions of curing {unknown}
 v - a potion of resistance {unknown}
 w - a potion of haste {unknown}


   Skills:
 + Level 2.8 Fighting
 + Level 3.8 Short Blades
 - Level 2.1 Dodging
 + Level 6.8 Stealth
 - Level 2.0 Spellcasting
 + Level 6.5 Hexes
 - Level 2.0 Ice Magic


You had 3 spell levels left.
You knew the following spells:

 Your Spells              Type           Power        Failure   Level  Hunger
a - Corona                Hex            ####...      1%          1    N/A
b - Ensorcelled Hibernat  Hex/Ice        ####..       4%          2    N/A
c - Confuse               Hex            ####....     3%          3    N/A

Your spell library contained the following spells:

 Spells                   Type           Power        Failure   Level  Hunger
 Tukima's Dance           Hex            ####....     3%          3    N/A
 Dazzling Spray           Conj/Hex       ##....       14%         3    N/A

Dungeon Overview and Level Annotations

Branches:
Dungeon (4/15)
 Temple: D:4-7

Altars:

Annotations:
D:4 Dowan, Duvessa, Robin


Innate Abilities, Weirdness & Mutations

You do not eat.
You do not regenerate when monsters are visible.
You are frail without blood (-20% HP).
You are immune to poison.
You have razor-sharp teeth.
You have supernaturally acute eyesight. (SInv)
You can survive without breathing.


Message History

Casting: Confuse (safe; 3% risk of failure)
Confirm with . or Enter, or press ? or * to list all spells.
Okay, then.
You closely miss Duvessa.
Duvessa is almost dead.
Duvessa hits you with a +0 short sword.
* * * LOW HITPOINT WARNING * * *
Huge Dmg: -6%(-2hp) hp: 14%(5hp)
You hit Duvessa but do no damage.
Duvessa is almost dead.
Duvessa closely misses you.
You barely miss Duvessa.
Duvessa is almost dead.
Duvessa hits you but does no damage.
You hit Duvessa but do no damage.
Duvessa is almost dead.
You barely miss Duvessa.
Duvessa is almost dead.
Duvessa hits you with a +0 short sword!
You die...

#.# #.# #.#
. #.#
...g######.#
...........#
...##..#e#.#
#...#@)<#
#.#e#####
..... ### #.
#. #.


You could see Duvessa.

Vanquished Creatures
  Grinder (D:3)
  Sigmund (D:3)
  Natasha (D:3)
  A howler monkey zombie (D:3)
  2 adders
  A shadow imp (D:3)
  3 worms
  5 dart slugs
  3 leopard geckos
  2 orcs (D:3)
  2 giant cockroaches (D:2)
  10 goblins
  7 hobgoblins
  4 kobolds
  2 quokkas (D:2)
  5 bats
  7 frilled lizards
  A leopard gecko skeleton (D:3)
  3 rats
61 creatures vanquished.

Notes
Turn   | Place    | Note
-------+----------+-------------------------------------------
     0 | D:1      | Lexodia the Vampire Enchanter began the quest for the Orb.
     0 | D:1      | Reached XP level 1. HP: 13/13 MP: 3/3
    49 | D:1      | Huge Dmg: 6 dmg
    56 | D:1      | Huge Dmg: 5 dmg
   100 | D:1      | Huge Dmg: 3 dmg
   223 | D:1      | Huge Dmg: 7 dmg
   534 | D:1      | Huge Dmg: 4 dmg
   535 | D:1      | Huge Dmg: 4 dmg
   914 | D:2      | Reached XP level 2. HP: 16/16 MP: 5/5
   920 | D:2      | Learned a level 2 spell: Ensorcelled Hibernation
   957 | D:1      | Huge Dmg: 3 dmg
  1048 | D:1      | Reached skill level 1 in Fighting
  1313 | D:1      | Reached XP level 3. HP: 20/20 MP: 6/6
  1455 | D:2      | Reached skill level 5 in Stealth
  1707 | D:2      | Huge Dmg: 8 dmg
  1721 | D:2      | Reached skill level 5 in Hexes
  1823 | D:2      | Huge Dmg: 4 dmg
  1824 | D:2      | Huge Dmg: 3 dmg
  1826 | D:2      | Huge Dmg: 3 dmg
  2261 | D:3      | Reached XP level 4. HP: 25/25 MP: 7/7
  2266 | D:3      | Learned a level 3 spell: Confuse
  2272 | D:3      | Reached skill level 1 in Ice Magic
  2282 | D:3      | Noticed Grinder
  2297 | D:3      | Huge Dmg: 6 dmg
  2298 | D:3      | Huge Dmg: 4 dmg
  2298 | D:3      | Killed Grinder
  2298 | D:3      | Reached XP level 5. HP: 18/30 MP: 4/8
  2298 | D:3      | Reached XP level 6. HP: 21/35 MP: 4/9
  2712 | D:3      | Noticed Sigmund
  2717 | D:3      | Killed Sigmund
  2888 | D:3      | Noticed Natasha
  2891 | D:3      | Killed Natasha
  3071 | D:4      | Noticed Duvessa
  3084 | D:4      | Noticed Robin
  3093 | D:4      | Huge Dmg: 6 dmg
  3279 | D:4      | Noticed Dowan
  3294 | D:4      | Huge Dmg: 10 dmg
  3297 | D:4      | Huge Dmg: 9 dmg
  3298 | D:4      | Huge Dmg: 10 dmg
  3299 | D:4      | Huge Dmg: 2 dmg
  3302 | D:4      | Mangled by Duvessa

Levels and vault maps discovered:
D:1:      dpeg_arrival_central, layout_basic, minmay_misc_feat_iff, minivault_24
D:2:      layout_loops_ring, amethyst_killhole, st_stairs_3, feat_on_display
D:3:      layout_loops_corners, serial_undead, serial_undead_b, serial_undead_e,
          serial_undead_d, serial_undead_b, first_ration, uniq_grinder,
          uniq_natasha, uniq_sigmund
D:4:      layout_basic, serial_shops, shop_fountains, roderic_lattice_a,
          uniq_edmund, uniq_duvessa, uniq_ijyb, uniq_robin

Skill      XL: |  1  2  3  4  5  6 |
---------------+-------------------+-----
Fighting       | 1 2 |  2.8
Stealth        | 5 6 |  6.8
Short Blades   | 2 3 |  3.8
Hexes          | 5 6 |  6.5
Ice Magic      | 2 |  2.0
Dodging        | |  2.1
Spellcasting   | |  2.0

Action                   |  1- 3 |  4- 6 || total
-------------------------+-------+-------++-------
Melee: Dagger            |    91 |    66 ||   157
       Bite              |     4 |     6 ||    10
 Cast: Corona            |     5 |       ||     5
       Ensorcelled Hiber |    14 |    10 ||    24
       Confuse           |       |     4 ||     4
 Abil: Exsanguinate      |     1 |       ||     1
 Stab: Sleeping          |    26 |    18 ||    44
       Confused          |       |     1 ||     1
       Distracted        |       |     1 ||     1
Armor: Robe              |    24 |     9 ||    33
Dodge: Dodged            |    72 |    35 ||   107

Table legend:
 A = Non-vault XP
 B = Vault XP
 C = Vault XP percentage of total XP
 D = Non-vault monster count
 E = Vault monster count
 F = Vault count percentage of total count
                 A         B        C        D         E       F
            +---------+---------+-------+---------+---------+-------
      Total |     136 |     564 |  80.6 |      49 |      12 |  19.7
            +---------+---------+-------+---------+---------+-------
        D:1 |      22 |       0 |   0.0 |      10 |       0 |   0.0
        D:2 |      60 |       7 |  10.4 |      23 |       3 |  11.5
        D:3 |      49 |     551 |  91.8 |      15 |       6 |  28.6
        D:4 |       5 |       6 |  54.5 |       1 |       3 |  75.0
            +---------+---------+-------+---------+---------+-------
